 Dungeon Crawl Stone Soup version 0.18.1-50-g88ac8fd (webtiles) character file.

500 lorenzova the Magician (level 6, -1/32 HPs)
             Began as a Deep Elf Conjurer on Oct 23, 2016.
             Slain by Grinder (11 damage)
             ... on level 3 of the Dungeon.
             The game lasted 00:07:04 (3518 turns).

lorenzova the Magician (Deep Elf Conjurer)          Turns: 3518, Time: 00:07:04

Health: -1/32      AC:  2    Str:  5    XL:     6   Next: 94%
Magic:  0/18       EV: 13    Int: 22    God:
Gold:   174        SH:  0    Dex: 15    Spells: 2 memorised, 14 levels left

rFire  . . .     SeeInvis .     s - +3 dagger (venom)
rCold  . . .     Gourm    +     a - +0 robe
rNeg   . . .     Faith    .     (no shield)
rPois  .         Spirit   .     (no helmet)
rElec  .         Dismiss  .     (no cloak)
rCorr  .         Reflect  .     (no gloves)
SustAt .         Harm     .     (no boots)
MR     .....                    d - amulet of the gourmand
Stlth  ++........               (no ring)
                                (no ring)

@: not resistant to hostile enchantments, unstealthy
A: no striking features
a: no special abilities


You were on level 3 of the Dungeon.
You were very full.

You visited 1 branch of the dungeon, and saw 3 of its levels.

You collected 174 gold pieces.

Inventory:

Hand Weapons
 s - a +3 dagger of venom (weapon)
Armour
 a - a +0 robe (worn)
 q - a +1 leather armour of poison resistance
Jewellery
 d - an amulet of the gourmand (around neck)
 u - an uncursed ring of wizardry {unknown}
 v - a +5 ring of dexterity {unknown}
 x - an uncursed ring of stealth {unknown}
Scrolls
 e - 2 scrolls of recharging {unknown}
 g - a scroll of identify {unknown}
 h - a scroll of blinking {unknown}
 i - a scroll of fear {unknown}
 l - a scroll of enchant armour {unknown}
 o - a scroll of magic mapping {unknown}
 p - a scroll of random uselessness {unknown}
 w - a scroll of teleportation {unknown}
Potions
 f - a potion of resistance
 j - 2 potions of flight {unknown}
 k - a potion of curing {unknown}
 m - a potion of mutation {unknown}
 n - a potion of agility {unknown}
 r - a potion of berserk rage {unknown}
 t - a potion of might {unknown}
Books
 b - a book of Conjurations

   Spells                             Type                      Level
   a - Magic Dart                     Conjuration                  1
   b - Searing Ray                    Conjuration                  2
   c - Dazzling Spray                 Conjuration/Hexes            3
   d - Fulminant Prism                Conjuration/Hexes            4
   e - Iskenderun's Mystic Blast      Conjuration                  4
   f - Iskenderun's Battlesphere      Conjuration/Charms           5
Comestibles
 c - 6 bread rations


   Skills:
 - Level 2.4 Dodging
 - Level 2.4 Stealth
 + Level 7.3 Spellcasting
 + Level 7.2 Conjurations


You had 14 spell levels left.
You knew the following spells:

 Your Spells              Type           Power        Failure   Level  Hunger
a - Magic Dart            Conj           ####         1%          1    None
b - Iskenderun's Mystic   Conj           #####...     4%          4    ###....


Dungeon Overview and Level Annotations

Branches:
Dungeon (3/15)

Altars:
Dithmenos
Nemelex Xobeh

Annotations:
D:3 Grinder


Message History

Aim: Grinder (severely wounded)
The magic dart hits Grinder.
Grinder is almost dead.
Grinder closely misses you.
You closely miss Grinder.
Grinder is almost dead.
Grinder blinks!
Casting: Magic Dart
Confirm with . or Enter, or press ? or * to list all spells.
Aiming: Magic Dart
Press: ? - help, Shift-Dir - straight line, f/p - Grinder
Aim: Grinder (almost dead)
The magic dart hits Grinder.
Grinder is almost dead.
Grinder gestures at you. You resist with some effort.
You barely miss Grinder.
Grinder is almost dead.
Grinder hits you!
You die...

#####.### .# #.# ...###
##'## .....# ##...##
.....# ##.....## .....#
#.......## ##...###
###.........####......#
..+.........'.......#
###...†.....##.#@5..# #
##.......###.#....# #
##.....## #.#.#..# #
##...## #.#.##.# # ##+#
#.#)# .# # #.... # #
.##.. # # . ... # .(#


You could see Grinder.

Vanquished Creatures
  Sigmund (D:3)
  An orc priest (D:3)
  Jessica (D:3)
  Natasha (thrice) (D:2)
  2 orc wizards (D:3)
  6 adders
  A worm (D:2)
  3 dart slugs
  2 giant geckos (D:2)
  5 orcs
  5 giant cockroaches
  13 hobgoblins
  6 jackals
  A quokka (D:2)
  10 bats
  2 giant newts
  7 goblins
  10 kobolds
  12 rats
91 creatures vanquished.

Notes
Turn   | Place    | Note
--------------------------------------------------------------
     0 | D:1      | lorenzova the Deep Elf Conjurer began the quest for the Orb.
     0 | D:1      | Reached XP level 1. HP: 10/10 MP: 6/6
   146 | D:1      | Reached XP level 2. HP: 15/15 MP: 3/8
   873 | D:2      | Reached skill level 5 in Conjurations
   873 | D:2      | Reached XP level 3. HP: 19/19 MP: 5/10
  1571 | D:2      | Noticed Natasha
  1576 | D:2      | Killed Natasha
  1576 | D:2      | Reached skill level 5 in Spellcasting
  1576 | D:2      | Reached XP level 4. HP: 24/24 MP: 7/13
  1582 | D:2      | Learned a level 4 spell: Iskenderun's Mystic Blast
  1601 | D:2      | Noticed Natasha
  1604 | D:2      | Killed Natasha
  1836 | D:2      | Reached XP level 5. HP: 28/28 MP: 10/14
  1960 | D:2      | Noticed Natasha
  2072 | D:2      | Killed Natasha
  2147 | D:2      | Found a sparkling altar of Nemelex Xobeh.
  2618 | D:3      | Noticed Jessica
  2621 | D:3      | Killed Jessica
  2881 | D:3      | Reached XP level 6. HP: 32/32 MP: 6/17
  3080 | D:3      | Found a shadowy altar of Dithmenos.
  3083 | D:3      | Noticed Sigmund
  3099 | D:3      | Killed Sigmund
  3503 | D:3      | Noticed Grinder
  3518 | D:3      | Slain by Grinder

Skill      XL: |  1  2  3  4  5  6 |
---------------+-------------------+-----
Spellcasting   | 4 5 6 7 |  7.3
Conjurations   | 5 6 7 |  7.2
Dodging        | |  2.4
Stealth        | |  2.4

Action                   |  1- 3 |  4- 6 || total
-------------------------+-------+-------++-------
Melee: Unarmed           |     7 |       ||     7
       Dagger            |       |     2 ||     2
 Cast: Magic Dart        |    94 |   107 ||   201
       Iskenderun's Myst |       |    13 ||    13
  Eat: Chunk             |    15 |     6 ||    21
Armor: Robe              |     1 |     1 ||     2
Dodge: Dodged            |    10 |    12 ||    22
